 Dungeon Crawl Stone Soup version 0.26-a0-597-gb535b0901c (webtiles) character file.

Game seed: 5105106060481315444

56 Alarkh the Skirmisher (level 3, -3/29 HPs)
             Began as a Demonspawn Fighter on Sept 5, 2020.
             Slain by a gnoll
             ... wielding a +0 spear
              (4 damage)
             ... on level 2 of the Dungeon.
             The game lasted 00:01:28 (1030 turns).

Alarkh the Skirmisher (Demonspawn Fighter)          Turns: 1030, Time: 00:01:29

Health: -3/29      AC:  6    Str: 16    XL:     3   Next: 69%
Magic:  3/3        EV:  6    Int: 10    God:
Gold:   60         SH:  8    Dex: 12    Spells: 2/2 levels left

rFire    . . .     SeeInvis .     - Unarmed
rCold    . . .     Faith    .   b - +0 kite shield
rNeg     . . .     Spirit   .   a - +0 scale mail
rPois    .         Reflect  .   (no helmet)
rElec    .         Harm     .   (no cloak)
rCorr    .                      (no gloves)
MR       .....                  (no boots)
Stlth    ..........             (no amulet)
HPRegen  0.09/turn              (no ring)
MPRegen  0.08/turn              (no ring)

@: mighty
A: spiny 1
a: no special abilities


You were on level 2 of the Dungeon.
You visited 1 branch of the dungeon, and saw 2 of its levels.

You collected 60 gold pieces.

Inventory:

Armour
 a - a +0 scale mail (worn)
 b - a +0 kite shield (worn)
Jewellery
 f - an uncursed ring of see invisible {unknown}
Scrolls
 d - 2 scrolls of enchant armour {unknown}
 e - 2 scrolls of amnesia {unknown}


   Skills:
 + Level 3.4 Fighting
 - Level 2.6 Armour
 + Level 3.1 Shields
 * Level 2.9 Unarmed Combat


You had 2 spell levels left.
You didn't know any spells.
Your spell library was empty.

Dungeon Overview and Level Annotations

Branches:
Dungeon (2/15)

Altars:


Innate Abilities, Weirdness & Mutations

You are partially covered in sharp spines.


Message History

The gnoll is lightly wounded.
You block the gnoll's attack. The gnoll barely misses you.
You hit the gnoll.
The gnoll is moderately wounded.
The gnoll hits you with a +0 spear. The gnoll is struck by your spines.
The gnoll hits you with a cursed +0 club.
You feel very mighty all of a sudden. The gnoll hits you with a +0 spear.
You block the gnoll's attack.
You closely miss the gnoll.
The gnoll is moderately wounded.
You block the gnoll's attack. The gnoll is struck by your spines.
The gnoll hits you with a cursed +0 club!
* * * LOW HITPOINT WARNING * * *
You closely miss the gnoll.
The gnoll is moderately wounded.
The gnoll hits you but does no damage. The gnoll is struck by your spines.
The gnoll hits you with a cursed +0 club.
* * * LOW HITPOINT WARNING * * *
The gnoll is struck by your spines. The gnoll hits you with a +0 spear.
You die...

......# #..............
......# #....##........
......# #....##.†......
......####....##........
............####........
......#.................
........................
....[.#..........#######
.# #........g@# .#
.......?.g## .# #
.........g.g..... .#.#
................. ##.##
......#.......##. ....#
###...#.......# ...#
#...#.....#... ...#
#...#....<#.... ...# ##
#....## ###


You could see 3 gnolls.

Vanquished Creatures
  A gnoll (D:2)
  2 worms (D:2)
  2 dart slugs
  A leopard gecko (D:1)
  5 bats
  3 giant cockroaches
  2 goblins (D:1)
  3 hobgoblins
  4 jackals (D:2)
  3 kobolds
  3 frilled lizards
  7 rats
36 creatures vanquished.

Notes
Turn   | Place    | Note
-------+----------+-------------------------------------------
     0 | D:1      | Alarkh the Demonspawn Fighter began the quest for the Orb.
     0 | D:1      | Reached XP level 1. HP: 18/18 MP: 1/1
   113 | D:1      | Gained mutation: You are partially covered in sharp spines.
                  | [demonic ancestry]
   113 | D:1      | Reached XP level 2. HP: 21/24 MP: 2/2
   546 | D:2      | Reached XP level 3. HP: 7/29 MP: 3/3
  1030 | D:2      | HP: 1/29 [gnoll/cursed +0 club (2)]
  1030 | D:2      | Slain by a gnoll

Illustrated notes

Levels and vault maps discovered:
D:1:      psy_arrival_spokes, layout_rooms
D:2:      layout_basic, marbit_many_paths,
          nicolae_gozag_cash_rules_everything_around_me, elyvilon_altar_1,
          uniq_terence

Skill      XL: |  1  2 |
---------------+-------+-----
Unarmed Combat | 2 |  2.9
Shields        | 3 |  3.1
Fighting       | |  3.4
Armour         | |  2.6

Action                   || total
-------------------------++-------
Melee: Unarmed           ||   151
  Use: Potion            ||     1
Armor: Scale mail        ||    46
Dodge: Dodged            ||    42
Block: Kite shield       ||    79

Table legend: (Time is in decaauts)
 A = Elapsed time spent in this place.
 B = Non-inter-level travel time spent in this place.
 C = Inter-level travel time spent in this place.
 D = Time resting spent in this place.
 E = Time spent auto-exploring this place.
 F = Levels seen in this place.
 G = Mean time per level.
                   A        B        C        D        E       F      G
               +--------+--------+--------+--------+--------+-----+--------+
         Total |   1036 |   1007 |     29 |    344 |    364 |   2 |  518.0 |
       Dungeon |   1036 |   1007 |     29 |    344 |    364 |   2 |  518.0 |
               +--------+--------+--------+--------+--------+-----+--------+

Top non-repeatable levels by time:
     D:1: 705 daAuts
     D:2: 331 daAuts
